AoeStats
← _Orca_

Arena

507238166Analyzed
4v4 RM · 14d ago on Sep 17, 2026· 60m 43s· 8 players
Game mode
Random Map
Map size
Large (8 player)
Population
200
Speed
Normal
Resources
Standard
Victory
Conquest
Starting age
Dark Age
Ending age
Imperial Age
RankedLock teamsTeams togetherTeam positionsShared explorationLock speedFull tech treeHidden civsTurbo modeCheats
Victory
Defeat
🇻🇳 Mapuche · Vietnam
1382
+17
🇧🇷 Bohemians · Brazil
1378
+17
🇧🇩 Mongols · Bangladesh
1372
+17
🇨🇳 Hindustanis · China
1325
+19
🇫🇷 Mongols · France
1455
-19
🇦🇺 Byzantines · Australia
1437
-19
1404
-18
🇦🇷 Teutons · Argentina
1316
-14
Valodimer
9:46 Feudal Age
9:17 Loom
11:40 Double-Bit Axe
13:39 Gold Mining
16:15 Castle Age
15:28 Fletching
17:00 Bodkin Arrow
17:16 Bow Saw
20:18 Ballistics
21:03 Padded Archer Armor
24:02 Horse Collar
24:54 Heavy Plow
30:13 Wheelbarrow
31:22 Leather Archer Armor
34:35 Imperial Age
32:05 Stone Mining
34:44 Elite Bolas Rider
37:04 Chemistry
36:57 Hand Cart
37:14 Ring Archer Armor
38:10 Malon
38:19 Butalmapu
38:14 Malon
39:26 Town Watch
40:52 Conscription
41:29 Crop Rotation
41:38 Gold Shaft Mining
41:39 Stone Shaft Mining
42:04 Siege Engineers
42:09 Masonry
41:40 Treadmill Crane
43:38 Town Patrol
45:08 Murder Holes
46:21 Architecture
48:22 Scale Mail Armor
48:33 Forging
48:10 Arson
47:46 Pikeman
47:54 Elite Skirmisher
48:20 Champi Runner
49:13 Champi Warrior
49:21 Halberdier
49:50 Arrowslits
50:17 Clinker Construction
50:18 Careening
50:15 Siphons
49:54 Elite Champi Warrior
51:24 Bombard Tower
51:10 Siphons
51:15 Careening
53:26 Iron Casting
53:07 Chain Mail Armor
53:00 Crossbowman
55:50 Carvel Hull
56:32 Blast Furnace
56:02 Plate Mail Armor
ABCDE
11:08 Feudal Age
15:16 Castle Age
13:20 Double-Bit Axe
13:27 Horse Collar
15:47 Wheelbarrow
16:20 Bow Saw
16:14 Heavy Plow
21:01 Loom
23:18 Gold Mining
23:19 Stone Mining
24:23 Stone Mining
26:51 Gold Shaft Mining
31:31 Imperial Age
30:13 Stone Shaft Mining
30:49 Hand Cart
30:20 Town Watch
30:58 Forging
30:48 Scale Mail Armor
31:53 Squires
31:38 Arson
32:36 Conscription
33:55 Chemistry
33:10 Elite Ghulam
34:17 Chain Mail Armor
34:38 Iron Casting
36:15 Grand Trunk Road
37:44 Blast Furnace
37:41 Scale Barding Armor
37:27 Fletching
37:51 Shatagni
39:01 Padded Archer Armor
39:26 Ballistics
40:25 Leather Archer Armor
42:40 Bloodlines
42:31 Husbandry
42:41 Heavy Camel Rider
43:50 Chain Barding Armor
44:06 Imperial Camel Rider
45:53 Plate Barding Armor
_Orca_
10:30 Feudal Age
13:06 Loom
15:07 Double-Bit Axe
15:04 Horse Collar
20:41 Castle Age
25:47 Castle Age
30:49 Town Watch
36:39 Fletching
37:05 Nomads
37:50 Padded Archer Armor
38:44 Bodkin Arrow
42:28 Leather Archer Armor
44:11 Wheelbarrow
43:48 Bow Saw
52:27 Imperial Age
50:14 Hand Cart
56:15 Elite Skirmisher
58:38 Bracer
59:51 Ballistics
逆·风
11:41 Feudal Age
15:42 Castle Age
14:10 Double-Bit Axe
14:34 Horse Collar
18:12 Fervor
18:33 Loom
24:45 Wheelbarrow
24:07 Town Watch
28:30 Imperial Age
26:24 Bow Saw
26:41 Fletching
27:13 Hand Cart
28:33 Chemistry
27:35 Padded Archer Armor
28:33 Leather Archer Armor
28:14 Bodkin Arrow
29:38 Conscription
29:31 Wagenburg Tactics
30:53 Ring Archer Armor
31:37 Bracer
32:47 Elite Skirmisher
34:07 Wagenburg Tactics
35:04 Ballistics
34:25 Treadmill Crane
34:58 Masonry
34:33 Pikeman
35:13 Squires
49:04 Halberdier
49:30 Arson
49:47 Scale Mail Armor
49:57 Forging
50:18 Town Patrol
51:13 Chain Mail Armor
51:37 Houfnice
53:13 Guilds
53:10 Caravan
53:04 Capped Ram
54:34 Heavy Scorpion
59:46 Hussite Reforms
60:49 Siege Engineers
CTM | IvanElHeterosexualDivino
9:10 Loom
10:56 Feudal Age
15:05 Castle Age
14:50 Gold Mining
14:46 Double-Bit Axe
14:44 Horse Collar
17:28 Bow Saw
24:36 Ballistics
27:55 Wheelbarrow
34:24 Imperial Age
33:08 Hand Cart
32:38 Town Watch
35:16 Scale Mail Armor
35:27 Forging
36:40 Gold Shaft Mining
35:56 Stone Mining
35:39 Man-at-Arms
36:17 Gambesons
36:49 Chain Mail Armor
37:25 Iron Casting
36:20 Long Swordsman
37:06 Two-Handed Swordsman
38:35 Plate Mail Armor
38:41 Iron Casting
38:18 Champion
40:54 Capped Ram
43:19 Blast Furnace
42:20 Heavy Scorpion
43:02 Siege Ram
45:34 Furor Celtica
GrueMite9140241
6:10 Loom
8:46 Feudal Age
9:13 Town Watch
9:59 Double-Bit Axe
12:11 Horse Collar
18:12 Wheelbarrow
21:58 Castle Age
20:10 Stone Mining
26:42 Bow Saw
26:38 Heavy Plow
29:00 Gold Mining
35:31 Imperial Age
35:44 Fletching
35:54 Padded Archer Armor
36:37 Conscription
36:27 Thumb Ring
36:47 Parthian Tactics
36:49 Bodkin Arrow
37:11 Husbandry
37:22 Bloodlines
37:44 Masonry
37:49 Bracer
38:04 Leather Archer Armor
37:14 Light Cavalry
38:42 Ballistics
42:14 Gold Shaft Mining
42:52 Stone Shaft Mining
43:21 Hand Cart
45:23 Chemistry
44:29 Siege Engineers
43:47 Elite Mangudai
44:54 Drill
44:34 Nomads
45:09 Hoardings
45:27 Coinage
44:23 Hussar
45:30 Caravan
46:20 Scale Barding Armor
46:26 Forging
49:08 Iron Casting
49:46 Capped Ram
51:48 Chain Barding Armor
52:32 Blast Furnace
52:07 Onager
60:22 Fortified Wall
Agus Talleres 2
10:33 Feudal Age
14:42 Castle Age
13:21 Double-Bit Axe
15:32 Horse Collar
19:22 Loom
21:25 Wheelbarrow
21:26 Gold Mining
21:48 Bow Saw
24:26 Scale Barding Armor
24:32 Forging
24:16 Town Watch
24:27 Stone Mining
25:28 Bloodlines
25:40 Chain Barding Armor
28:44 Iron Casting
30:55 Imperial Age
28:52 Ballistics
31:11 Cavalier
32:27 Plate Barding Armor
32:53 Blast Furnace
36:04 Stone Shaft Mining
35:32 Heavy Plow
36:35 Two-Man Saw
35:55 Hand Cart
35:52 Paladin
39:17 Crop Rotation
41:31 Conscription
42:50 Elite Skirmisher
43:32 Padded Archer Armor
44:35 Chemistry
Winsto
12:02 Feudal Age
16:06 Castle Age
13:48 Horse Collar
14:34 Loom
14:50 Double-Bit Axe
15:43 Gold Mining
16:48 Heavy Plow
17:06 Bow Saw
25:40 Imperial Age
23:48 Wheelbarrow
23:14 Fletching
27:21 Chemistry
32:03 Forging
31:53 Scale Mail Armor
32:50 Pikeman
33:30 Squires
33:18 Arson
34:04 Conscription
34:22 Iron Casting
35:23 Halberdier
40:01 Chain Mail Armor
40:36 Crossbowman
41:21 Thumb Ring
41:34 Arbalester
42:17 Bodkin Arrow
42:22 Padded Archer Armor
43:34 Gold Shaft Mining
43:52 Hand Cart
44:08 Bracer
44:49 Ballistics
45:59 Leather Archer Armor
Connection lost

Rejoining the realm…

Still unreachable

The connection could not be restored.

Session expired

The server has moved on; the page needs a fresh start.